 Dungeon Crawl Stone Soup version 0.22-a0-32-ga749362bc3 (webtiles) character file.

13100 NixNut the Slicer (level 12, -8/77 HPs)
             Began as a Tengu Abyssal Knight on Jan 2, 2018.
             Was a High Priest of Lugonu.
             Mangled by a skeletal warrior
             ... wielding a +0 glaive
             ... led by a death knight
              (16 damage)
             ... on level 11 of the Dungeon on Jan 3, 2018.
             The game lasted 01:52:08 (16973 turns).

NixNut the Slicer (Tengu Abyssal Knight)           Turns: 16973, Time: 01:52:09

Health: -8/77      AC: 14    Str: 18    XL:     12   Next: 2%
Magic:  16/16      EV:  9    Int: 12    God:    Lugonu [*****.]
Gold:   530        SH:  5    Dex: 14    Spells: 11/11 levels left

rFire    + . .     SeeInvis .   a - +7 short sword (distort)
rCold    + . .     Gourm    .   F - +0 buckler
rNeg     . . .     Faith    .   M - +0 plate armour
rPois    +         Spirit   .   (helmet restricted)
rElec    .         Reflect  .   k - scarf {rC+ rF+}
rCorr    .         Harm     .   d - +0 pair of gloves
MR       +....                  (boots unavailable)
Stlth    ..........             (no amulet)
HPRegen  0.22/turn              p - ring of poison resistance
MPRegen  0.15/turn              s - ring of protection from magic

@: no status effects
A: beak, horns 1, talons 3, sense surroundings 2, evolution 1, MP-powered wands,
able to fly 1
a: Fly, Depart the Abyss, Bend Space, Banish, Corrupt, Enter the Abyss, Renounce
Religion


You were on level 11 of the Dungeon.
You worshipped Lugonu.
Lugonu was extremely pleased with you.
You were not hungry.

You visited 2 branches of the dungeon, and saw 12 of its levels.
You visited the Abyss 2 times.
You also visited: Ossuary.

You collected 530 gold pieces.

Inventory:

Hand Weapons
 a - a +7 short sword of distortion (weapon)
 j - a +0 dagger
 E - a +0 whip of freezing
 P - a +5 long sword
Armour
 d - a +0 pair of gloves (worn)
 k - a scarf of resistance (worn)
 t - a scarf of resistance
 w - a +1 leather armour of positive energy
 D - a +0 pair of gloves
 F - a +0 buckler (worn)
 M - a +0 plate armour (worn)
Magical Staves
 K - an uncursed staff of summoning {unknown}
 N - an uncursed staff of wizardry {unknown}
Jewellery
 p - a ring of poison resistance (left hand)
 s - a ring of protection from magic (right hand)
Wands
 B - a wand of iceblast (6)
 O - a wand of paralysis (8)
 Q - a wand of digging (15)
Scrolls
 e - a scroll of immolation {unknown}
 g - 2 scrolls of fog {unknown}
 h - a scroll of random uselessness
 i - a scroll of identify
 l - a scroll of blinking {unknown}
 m - 2 scrolls of remove curse
 u - a scroll of magic mapping {unknown}
 v - a scroll of enchant armour {unknown}
 H - a scroll of holy word {unknown}
 J - 2 scrolls of amnesia {unknown}
 L - a scroll of enchant weapon
Potions
 b - a potion of invisibility {unknown}
 n - a potion of mutation
 o - a potion of ambrosia {unknown}
 q - 3 potions of cancellation
 r - a potion of brilliance {unknown}
 x - 3 potions of resistance {unknown}
 A - 3 potions of agility {unknown}
 C - 2 potions of degeneration {unknown}
 G - 2 potions of berserk rage {unknown}
Books
 y - a book of Cantrips

   Spells                             Type                      Level
   a - Confusing Touch                Hexes                        1
   b - Animate Skeleton               Necromancy                   1
   c - Summon Small Mammal            Summoning                    1
   d - Apportation                    Translocation                1
 I - the Incunabulum of Sand
   (You found it on level 10 of the Dungeon)

   Spells                             Type                      Level
   a - Poisonous Vapours              Poison/Air                   2
   b - Deflect Missiles               Charms/Air                   6
 S - the Handbook of Dhcmrlchtdj
   (You found it on level 10 of the Dungeon)

   Spells                             Type                      Level
   a - Sticks to Snakes               Transmutation                2
   b - Blade Hands                    Transmutation                5
 T - Ts'ui Pên's Catalogue of Forking Paths
   (You found it on level 10 of the Dungeon)

   Spells                             Type                      Level
   a - Song of Slaying                Charms                       2
   b - Ensorcelled Hibernation        Hexes/Ice                    2
   c - Invisibility                   Hexes                        6
 U - a book of Party Tricks

   Spells                             Type                      Level
   a - Summon Butterflies             Summoning                    1
   b - Apportation                    Translocation                1
   c - Lesser Beckoning               Translocation                3
   d - Tukima's Dance                 Hexes                        3
   e - Alistair's Intoxication        Transmutation/Poison         5
   f - Invisibility                   Hexes                        6
Comestibles
 c - 18 rations


   Skills:
 * Level 10.0 Fighting
 - Level 12.0 Short Blades
 + Level 7.4 Armour
 + Level 8.9 Dodging
 - Level 4.0 Shields
 - Level 5.0 Invocations


You had 11 spell levels left.
You didn't know any spells.

Dungeon Overview and Level Annotations

Branches:
Dungeon (11/15)            Temple (0/1) D:7            Lair (0/6) D:9
    Orc (1/2) D:10

Altars:
Xom
Beogh

Shops:
D:10 }

Annotations:
Abyss:1 Fannar


Innate Abilities, Weirdness & Mutations

You have a beak for a mouth.
You have claws for feet.
You can fly.
You have a pair of small horns on your head.
You passively map the area around you.
You evolve.
You expend magic power (3 MP) to strengthen your wands.


Message History

Found a gateway leading out of the Abyss.
There is a gateway leading out of the Abyss here.
You pass through the gate.
Welcome back to the Dungeon!
The skeletal warrior hits you but does no damage.
Space bends sharply around you!
You blink.
You close the door.
Something unseen opens the door.
You see here a kobold corpse.
You swoop lightly up into the air.
You feel very comfortable in the air.
You feel somewhat more hungry.
You feel a genetic drift.
Your attunement to dungeon structure grows.
You start resting.
You are starting to lose your buoyancy.
The skeletal warrior hits you from afar with a glaive!!
* * * LOW HITPOINT WARNING * * *
You float gracefully downwards.
The skeletal warrior hits you from afar with a glaive!
You die...

##################
.................#
...#..#####...##@#
...#..........z..#
.................#
'######'##.......#
.#.......#.......#
.#.......#.......#
.##..#####.......#
)##..##..###.....#
((((...(...#.....#


You could see a skeletal warrior.

Vanquished Creatures
  Erolcha (D:9)
  2 two-headed ogres
  A swamp dragon (shapeshifter) (D:10)
  Pikel (D:5)
  A phantasmal warrior (D:11)
  A deep elf mage (D:11)
  3 trolls (D:8)
  Prince Ribbit (D:7)
  Grinder (D:3)
  A hippogriff (D:7)
  Sigmund (D:3)
  A wyvern (D:8)
  A hog (D:7)
  A black bear (D:7)
  A hornet zombie (D:10)
  An ice beast (D:9)
  3 slaves
  3 orc warriors
  A sky beast (D:6)
  2 necrophages
  The ghost of brujo666 the Bolt Thrower, an amateur CeHu of Sif Muna (D:5)
  2 wolves
  5 ogres
  2 centaurs
  2 big kobolds (D:11)
  8 bullfrogs
  Blork the orc (D:6)
  5 scorpions
  7 wights
  An electric eel (D:9)
  2 centaur zombies
  7 howler monkeys
  5 crimson imps
  2 human zombies (Ossuary)
  12 hounds
  A jelly (D:6)
  A gnoll shaman (D:4)
  9 orc priests
  2 quasits
  4 bullfrog skeletons
  6 iguanas
  13 orc wizards
  5 worker ants
  A hound zombie (D:8)
  3 mummies (Ossuary)
  Robin (D:2)
  A howler monkey zombie (D:7)
  12 gnolls
  A river rat (D:6)
  6 adders
  9 shadow imps
  4 oozes
  An adder skeleton (D:8)
  5 adder zombies (Ossuary)
  5 dart slugs
  2 worms (D:2)
  A leopard gecko (D:2)
  74 orcs
  4 ball pythons (D:6)
  7 bats
  9 giant cockroaches
  13 goblins
  9 hobgoblins
  10 jackals
  14 kobolds
  4 quokkas
  4 frilled lizards
  A goblin zombie (Ossuary)
  A hobgoblin zombie (Ossuary)
  A jackal skeleton (D:8)
  A jackal zombie (D:7)
  2 kobold zombies (Ossuary)
  2 quokka skeletons
  5 quokka zombies (Ossuary)
  10 rats
  3 rat zombies
357 creatures vanquished.

Vanquished Creatures (others)
  A two-headed ogre (D:10)
  A skeletal warrior (D:11)
  2 wizards
  A wyvern skeleton (D:11)
  A jelly (D:10)
  A hound (D:10)
  An orc wizard (D:10)
  A howler monkey skeleton (D:6)
9 creatures vanquished.

Grand Total: 366 creatures vanquished

Notes
Turn   | Place    | Note
-------+----------+-------------------------------------------
     0 | Abyss:1  | NixNut the Tengu Abyssal Knight began the quest for the Orb.
     0 | Abyss:1  | Reached XP level 1. HP: 14/14 MP: 3/3
     0 | Abyss:1  | Found a corrupted altar of Lugonu.
    13 | D:1      | Escaped the Abyss
   319 | D:1      | Reached * piety under Lugonu
   383 | D:1      | Reached XP level 2. HP: 19/19 MP: 4/4
  1018 | D:1      | Reached skill level 3 in Short Blades
  1018 | D:1      | Reached XP level 3. HP: 21/23 MP: 5/5
  1132 | D:2      | Noticed Robin
  1146 | D:2      | Killed Robin
  1285 | D:2      | Reached XP level 4. HP: 22/28 MP: 6/6
  1296 | D:2      | Reached ** piety under Lugonu
  2304 | D:3      | Gained mutation: You can fly. [Tengu growth]
  2304 | D:3      | Reached XP level 5. HP: 32/32 MP: 7/7
  2321 | D:3      | Reached skill level 4 in Short Blades
  2453 | D:3      | Reached *** piety under Lugonu
  2595 | D:3      | Reached XP level 6. HP: 15/38 MP: 8/8
  3473 | D:3      | Noticed Grinder
  3473 | D:3      | Paralysed by Grinder for 2 turns
  3478 | D:3      | Killed Grinder
  3478 | D:3      | Reached skill level 5 in Short Blades
  3478 | D:3      | Reached XP level 7. HP: 31/44 MP: 9/9
  3673 | D:3      | Noticed Sigmund
  4164 | D:4      | Reached skill level 6 in Short Blades
  4859 | D:4      | Reached XP level 8. HP: 46/48 MP: 8/10
  5444 | D:3      | Killed Sigmund
  5444 | D:3      | Reached skill level 5 in Fighting
  5444 | D:3      | Reached skill level 5 in Armour
  5599 | D:5      | Entered Level 5 of the Dungeon
  5857 | D:5      | Reached skill level 7 in Short Blades
  6127 | D:5      | Noticed brujo666's ghost (amateur CeHu)
  6305 | D:5      | Killed brujo666's ghost
  6925 | D:6      | Reached skill level 5 in Dodging
  7157 | D:6      | Found a shimmering altar of Xom.
  7175 | D:6      | Noticed Pikel
  7556 | D:5      | Killed Pikel
  7556 | D:5      | Reached **** piety under Lugonu
  7556 | D:5      | Reached skill level 8 in Short Blades
  7556 | D:5      | Reached XP level 9. HP: 14/55 MP: 10/12
  7868 | D:6      | Noticed Blork the orc
  7903 | D:6      | Killed Blork the orc
  9018 | D:6      | Reached skill level 9 in Short Blades
  9571 | D:7      | Found a sand-covered staircase.
  9586 | Ossuary  | Entered an ossuary
 10126 | D:7      | Noticed Prince Ribbit
 10134 | D:7      | Killed Prince Ribbit
 10134 | D:7      | Reached skill level 1 in Shields
 10403 | D:7      | Found a staircase to the Ecumenical Temple.
 10441 | D:7      | Reached XP level 10. HP: 36/61 MP: 13/13
 10630 | D:7      | Reached skill level 10 in Short Blades
 10694 | D:7      | Reached ***** piety under Lugonu
 11594 | D:8      | Noticed a two-headed ogre
 11600 | D:8      | Killed a two-headed ogre
 12406 | D:8      | Found a roughly hewn altar of Beogh.
 12765 | D:8      | Reached skill level 11 in Short Blades
 13330 | D:9      | Noticed Erolcha
 13382 | D:8      | Reached XP level 11. HP: 66/68 MP: 14/14
 13968 | D:9      | Killed Erolcha
 14288 | D:9      | Found a staircase to the Lair.
 14570 | D:9      | Noticed a two-headed ogre
 14580 | D:9      | Killed a two-headed ogre
 14783 | D:10     | Entered Level 10 of the Dungeon
 14852 | D:8      | Upgraded the game from 0.22-a0-15-g4f60a598d5 to 0.22-a0-32-ga749362bc3
 14986 | D:9      | Reached skill level 12 in Short Blades
 15002 | D:9      | Reached ****** piety under Lugonu
 15005 | D:9      | Identified a +7 short sword of distortion (a +5 short sword corrupted by Lugonu)
 15005 | D:9      | Received a gift from Lugonu
 15237 | D:10     | Found a staircase to the Orcish Mines.
 15301 | Orc:1    | Entered Level 1 of the Orcish Mines
 15301 | Orc:1    | Noticed a cyclops
 15475 | D:10     | Noticed a wizard
 15478 | D:10     | Banished a wizard
 15625 | D:10     | Noticed Fannar
 15630 | D:10     | Noticed a two-headed ogre
 15644 | D:10     | Banished Fannar
 15645 | D:10     | Banished a two-headed ogre
 15663 | D:10     | Found Yzynan's Gadget Boutique.
 15693 | D:10     | Noticed a swamp dragon
 15698 | D:10     | Killed a swamp dragon
 15715 | D:10     | Identified the Handbook of Dhcmrlchtdj
 15722 | D:10     | Identified Ts'ui Pên's Catalogue of Forking Paths
 15931 | D:10     | Identified the Incunabulum of Sand
 16289 | D:11     | Noticed a skeletal warrior
 16289 | D:11     | Noticed a phantasmal warrior
 16290 | D:11     | Noticed a death knight
 16290 | D:11     | Noticed a skeletal warrior
 16377 | D:11     | Noticed a wizard
 16384 | D:11     | Banished a wizard
 16506 | D:11     | Noticed a deep elf mage
 16526 | D:11     | Killed a deep elf mage
 16819 | D:11     | Banished a skeletal warrior
 16819 | D:11     | Reached skill level 5 in Invocations
 16841 | D:11     | Killed a phantasmal warrior
 16841 | D:11     | Reached skill level 10 in Fighting
 16841 | D:11     | Reached XP level 12. HP: 15/77 MP: 16/16
 16842 | D:11     | HP: 2/77 [skeletal warrior/glaive[a death knight] (12)]
 16847 | Abyss:1  | Gained mutation: You are frail. (-10% HP) [potion of mutation]
 16847 | Abyss:1  | Lost mutation: You are frail. (-10% HP) [potion of mutation]
 16848 | Abyss:1  | Gained mutation: You passively map a small area around you. [potion of mutation]
 16848 | Abyss:1  | Gained mutation: You expend magic power (3 MP) to strengthen your wands. [potion of mutation]
 16848 | Abyss:1  | Gained mutation: You evolve. [potion of mutation]
 16848 | Abyss:1  | Gained mutation: You have a pair of small horns on your head. [potion of mutation]
 16850 | Abyss:1  | Found a corrupted altar of Lugonu.
 16865 | D:11     | Escaped the Abyss
 16908 | D:11     | Gained mutation: You passively map the area around you. [evolution]
 16973 | D:11     | Mangled by a skeletal warrior

Vault maps used:
D:1:      onia_arrival_mini_maze, minivault_24
D:2:      first_ration, uniq_robin
D:3:      grunt_ministairs_2, item_on_display_b, uniq_sigmund, uniq_grinder
D:4:      serial_bayou_ford_a
D:5:      wad_pebble_path
D:6:      old_standard_altar, portal_sewer_entry_c, uniq_blork_the_orc,
          uniq_pikel
D:7:      minmay_temple_entry_glass, enter_ossuary_3, grunt_livestock,
          uniq_prince_ribbit1
D:8:      special_room
D:9:      erik_lair_island, serial_glass, glass_columns_a, glass_columns_b,
          glass_columns_b, glass_columns_a, minmay_strange_pillars,
          minmay_strange_pillars, minmay_strange_pillars, grunt_ministairs_8,
          uniq_erolcha
D:10:     hiddenorc2_lemuel, serial_shops, shop_statue,
          bh_hangedman_babel_library, uniq_fannar
Orc:1:    basic_altar
Ossuary:  ossuary_minmay_chase

Skill      XL: |  1  2  3  4  5  6  7  8  9 10 11 |
---------------+----------------------------------+-----
Short Blades   | 3 4 5 6 8 9 11 12 | 12.0
Dodging        | 2 3 4 5 6 8 |  8.9
Armour         | 3 4 5 7 |  7.4
Fighting       | 4 6 7 10 | 10.0
Invocations    | 3 5 |  5.0
Shields        | 1 4 |  4.0

Action                   |  1- 3 |  4- 6 |  7- 9 | 10-12 || total
-------------------------+-------+-------+-------+-------++-------
Melee: Short sword       |    95 |   161 |   538 |   643 ||  1437
       Kick              |    30 |    41 |   160 |   182 ||   413
       Peck              |    10 |    31 |   117 |   124 ||   282
       Staff             |       |       |    10 |       ||    10
Invok: Depart the Abyss  |     1 |       |       |       ||     1
       Bend Space        |       |       |     2 |     1 ||     3
       Brand Weapon With |       |       |       |     1 ||     1
       Enter the Abyss   |       |       |       |     1 ||     1
 Abil: Fly               |       |     1 |    38 |    21 ||    60
Evoke: Wand              |       |       |       |     8 ||     8
  Use: Potion            |       |     2 |     4 |    13 ||    19
       Scroll            |       |       |    13 |     9 ||    22
 Stab: Sleeping          |       |       |     2 |       ||     2
       Paralysed         |       |       |       |     2 ||     2
  Eat: Chunk             |     1 |     7 |    17 |    19 ||    44
       Ration            |       |       |     3 |     2 ||     5
Armor: Chain mail        |    42 |    43 |       |       ||    85
       Leather armour    |       |     4 |    57 |    17 ||    78
       Plate armour      |       |       |       |   144 ||   144
Dodge: Dodged            |    19 |    45 |   261 |   193 ||   518
Block: Buckler           |       |       |     7 |    98 ||   105

Table legend:
 A = Spawn XP
 B = Non-spawn XP
 C = Spawn XP percentage of total XP
 D = Spawn monster count
 E = Non-spawn monster count
 F = Spawn count percentage of total count
 G = Total turns spent on level
                    A         B        C        D         E        F      G
               +---------+---------+-------+---------+---------+-------+---------
         Total |       0 |   18715 |   0.0 |       0 |     363 |   0.0 | 16973
               +---------+---------+-------+---------+---------+-------+---------
           D:1 |       0 |      46 |   0.0 |       0 |      19 |   0.0 |  1151
           D:2 |       0 |      83 |   0.0 |       0 |      33 |   0.0 |   854
           D:3 |       0 |     833 |   0.0 |       0 |      37 |   0.0 |  1801
           D:4 |       0 |     520 |   0.0 |       0 |      18 |   0.0 |  1780
           D:5 |       0 |    1152 |   0.0 |       0 |      14 |   0.0 |  1823
           D:6 |       0 |     909 |   0.0 |       0 |      26 |   0.0 |  1765
           D:7 |       0 |    1908 |   0.0 |       0 |      31 |   0.0 |  1717
           D:8 |       0 |    3973 |   0.0 |       0 |      68 |   0.0 |  2359
           D:9 |       0 |    2729 |   0.0 |       0 |      28 |   0.0 |  1438
          D:10 |       0 |    3818 |   0.0 |       0 |      50 |   0.0 |   967
          D:11 |       0 |    2560 |   0.0 |       0 |      18 |   0.0 |   845
       Ossuary |       0 |     184 |   0.0 |       0 |      21 |   0.0 |   438
               +---------+---------+-------+---------+---------+-------+---------
